 Dungeon Crawl Stone Soup version 0.19.0-20-gbc5f0c6 (webtiles) character file.

58 Leszczynek the Scratcher (level 3, -1/17 HPs)
             Began as a Felid Abyssal Knight on Nov 16, 2016.
             Was a Believer of Lugonu.
             Slain by a hobgoblin (3 damage)
             ... on level 1 of the Dungeon.
             The game lasted 00:04:48 (2288 turns).

Leszczynek the Scratcher (Felid Abyssal Knight)     Turns: 2288, Time: 00:04:48

Health: -1/17      AC:  1    Str:  8    XL:     3   Next: 76%
Magic:  14/14      EV: 18    Int: 14    God:    Lugonu [**....]
Gold:   88         SH:  0    Dex: 15    Spells: 0 memorised, 2 levels left
                                        Lives:  0   Deaths: 0

rFire  . . .     SeeInvis +       - Unarmed
rCold  . . .     Gourm    .     (armour unavailable)
rNeg   . . .     Faith    .     (shield unavailable)
rPois  .         Spirit   .     (helmet unavailable)
rElec  .         Reflect  .     (cloak unavailable)
rCorr  .         Harm     .     (gloves unavailable)
MR     .....                    (boots unavailable)
Stlth  +++.......               (no amulet)
                                (no ring)
                                b - ring of magical power

@: lethally poisoned (-1 -> -7), quick
A: no armour, no weapons or thrown items, stealth, claws 1, fangs 3, see
invisible, carnivore 3, speed 1, shaggy fur 1, slow metabolism 1, sharp paws
a: Depart the Abyss, Bend Space, Renounce Religion


You were on level 1 of the Dungeon.
You worshipped Lugonu.
Lugonu was pleased with you.
You were completely stuffed.

You visited 1 branch of the dungeon, and saw 2 of its levels.
You visited the Abyss 1 time.

You collected 88 gold pieces.

Inventory:

Jewellery
 b - a ring of magical power (left paw)
Scrolls
 c - a scroll of immolation {unknown}
 e - 2 scrolls of teleportation {unknown}
Comestibles
 a - 3 meat rations
 d - 4 chunks of flesh


   Skills:
 - Level 3.0 Fighting
 - Level 3.2 Dodging
 - Level 3.1 Stealth
 + Level 3.4 Unarmed Combat
 - Level 1.7 Invocations


You had 2 spell levels left.
You didn't know any spells.

Dungeon Overview and Level Annotations

Branches:
Dungeon (2/15)

Altars:

Annotations:
D:2 Terence


Innate Abilities, Weirdness & Mutations

You cannot wear armour.
You are incapable of wielding weapons or throwing items.
Your paws allow you to move quietly. (Stealth)
You have sharp claws.
You have razor-sharp teeth.
You have supernaturally acute eyesight. (SInv)
You are carnivorous and can eat meat at any time.
You cover ground quickly.
You are covered in fur. (AC +1)
You have a slow metabolism.
Your sharp claws are effective at attacking unaware monsters.


Message History

The adder misses you.
You scratch the adder.
The adder is almost dead.
The adder bites you.
You are poisoned.
The adder poisons you! The adder bites you.
You claw the adder!
You kill the adder!
Lugonu accepts your kill.
You feel sick. The hobgoblin hits you.
* * * LOW HITPOINT WARNING * * *
You climb upwards.
* * * LOW HITPOINT WARNING * * *
You feel sick.
There is a stone staircase leading down here.
Unknown command.
It was a potion of cure mutation.
It has a very clean taste.
The hobgoblin hits you.
You die...

###########################
#######........g.................
................@.....###########
...####.#####.........# ...# #.#
#...).....# ...####.# #.........#
........#####.........#
........'.........#######
........#####.##...)....#
............#.##...####.#
........###.#.##...# #.#


You could see a hobgoblin.

Vanquished Creatures
  An adder (D:2)
  2 dart slugs
  2 leopard geckos (D:1)
  3 giant cockroaches
  6 goblins
  7 hobgoblins
  4 jackals
  3 kobolds (D:1)
  5 bats
  3 frilled lizards
  A rat (D:1)
37 creatures vanquished.

Notes
Turn   | Place    | Note
-------+----------+-------------------------------------------
     0 | Abyss:1  | Leszczynek the Felid Abyssal Knight began the quest for the Orb.
     0 | Abyss:1  | Reached XP level 1. HP: 10/10 MP: 3/3
     0 | Abyss:1  | Found a corrupted altar of Lugonu.
    12 | D:1      | Escaped the Abyss
    34 | D:1      | Reached skill level 1 in Stealth
   234 | D:1      | Reached skill level 2 in Stealth
   666 | D:1      | Reached XP level 2. HP: 14/14 MP: 4/4
   848 | D:1      | Reached skill level 3 in Stealth
  1505 | D:1      | HP: 1/14 [bat (1)]
  1510 | D:1      | Reached XP level 3. HP: 2/17 MP: 5/5
  1845 | D:1      | Reached ** piety under Lugonu
  2038 | D:2      | Reached skill level 3 in Unarmed Combat
  2216 | D:2      | Noticed Terence
  2288 | D:1      | Slain by a hobgoblin

Skill      XL: |  1  2  3 |
---------------+----------+-----
Stealth        | 2 3 |  3.1
Unarmed Combat | 3 |  3.4
Fighting       | |  3.0
Dodging        | |  3.2
Invocations    | |  1.7

Action                   || total
-------------------------++-------
Melee: Unarmed           ||   118
       Bite              ||     5
       Punch             ||     1
  Use: Potion            ||     2
 Stab: Sleeping          ||     5
  Eat: Chunk             ||    10
Armor: Skin              ||    12
Dodge: Dodged            ||    95
